Unix xNetHack Version 7.1.0 - last build Dec 11 2022 15:18:36 (91bc4d2507b4b34ac92889b06d50a936f6bde808). Game began 2022-12-26 21:05:57, ended 2022-12-26 21:37:26. UristMcRaven, chaotic female elven Wizard ------ ----- ----- |.... ... #....| |...------ -..------ #|....0 |...|.(((| |..|.m.(| #|...| |...-.((!| +..|Qm((| | #|.... |..)|.((.| |..(@m((| .| ##|...| -...|----------..-------+------.| # ----- |...|...|....|....{.............| ------ # |...|...|._..|......---- --.....| |....|### ## |...|...|....|......|..| |.....| |.....################|...|...|....|{.....|).| |.....| |.<..|# # #|...-|----|---......-|-----.....| |..%..####)#####) ####|...............................| ------ ######-...-----|-|--.......-----|---- | #|...-..|..|..|.......-..| )|...| .|..|..|.......|..| )----- ------------------- ## UristMcRaven the Thaumaturge St:9 Dx:13 Co:13 In:20 Wi:14 Ch:9 Chaotic Dlvl:7 $:278 HP:0(36) Pw:70(70) AC:6 Xp:6/582 T:3871 Hungry Latest messages: You have a little trouble lifting V - a candle {2}. The door resists! The door resists! The door opens. "Hello, UristMcRaven! Welcome to Izchak's lighting store!" "Will you please leave your pick-axe outside?" What do you want to drop? You drop an uncursed pick-axe {100}. Your movements are now unencumbered. You see here a candle (for sale, 27 zorkmids). Wait! That's a small mimic! You bash the small mimic. In what direction? The magic missile hits the small mimic! The magic missile hits the small mimic! You find a small mimic. The small mimic claws you! You stop. Izchak is in the way! The small mimic claws you! You stop. Izchak is in the way! You stop. Izchak is in the way! The small mimic claws you! You stop. Izchak is in the way! You are beginning to feel hungry. You stop. Izchak is in the way! What do you want to read? Never mind. What do you want to zap? In what direction? What do you want to zap? In what direction? The small mimic claws you! What do you want to zap? In what direction? What do you want to zap? In what direction? You don't feel sleepy! What do you want to zap? In what direction? Your cloak of magic resistance seems to loosen a bit. Your stone skull cap seems to loosen a bit. Your pair of jumping boots seems to loosen a bit. What do you want to zap? Never mind. # You stop. Izchak is in the way! The small mimic claws you! You die... Izchak gratefully inherits all your possessions. Do you want to see what you had when you died? [ynq] (y) Major events: Turn 1: UristMcRaven the chaotic female elven Wizard entered the dungeon 757: attained the rank of Conjurer (level 3) 1590: entered the Gnomish Mines 2839: attained the rank of Thaumaturge (level 6) 3628: reached Mine Town 3871: killed by a small mimic Inventory: Inventory: 573/600 weight (40/52 slots) Coins ('$') $ - 278 gold pieces {3} Weapons (')') n - an uncursed +0 boomerang {5} p - 3 uncursed +0 daggers {30} v - 3 uncursed +0 daggers {30} x - an uncursed +0 elven dagger {10} y - an uncursed +0 bone knife {1} G - 7 uncursed +0 shuriken {7} M - 16 uncursed +0 darts {16} T - 5 uncursed +0 plastic daggers {10} W - 7 uncursed poisoned +0 darts {7} Armor ('[') b - an uncursed +0 cloak of magic resistance (being worn) {8} m - an uncursed +0 stone orcish helm {26} E - an uncursed +0 stone orcish helm (being worn) {20} X - an uncursed fireproof +0 pair of jumping boots (being worn) {15} Comestibles ('%') i - an uncursed food ration {20} q - an uncursed slime mold {5} s - an uncursed slime mold {5} t - 4 uncursed tripe rations {40} z - 2 uncursed fortune cookies {2} C - 2 uncursed food rations {40} Spellbooks ('+') c - an uncursed spellbook of blank paper (alternate weapon; not wielded) {30} d - an uncursed spellbook of blank paper (wielded) {40} B - an uncursed spellbook of blank paper {35} Q - an uncursed spellbook of blank paper {35} Wands ('/') A - an uncursed wand of speed monster (0:-1) {7} F - an uncursed wand of sleep (0:-1) {7} H - an uncursed wand of striking (0:-1) {7} S - an uncursed wand of cancellation (0:5) {7} Rings ('=') K - an uncursed ring of teleportation {3} Potions ('!') L - an uncursed potion of fruit juice {20} N - an uncursed potion of water {20} Tools ('(') g - an uncursed blindfold {2} h - an uncursed harp {30} j - an uncursed credit card {1} o - an uncursed magic lamp {20} R - an uncursed mithril stethoscope {2} V - an uncursed tallow candle {2} Gems/Stones ('*') w - 2 uncursed worthless pieces of orange glass {2} I - an uncursed worthless piece of blue glass {1} J - an uncursed worthless piece of white glass {1} O - an uncursed worthless piece of red glass {1} UristMcRaven the Wizard's attributes: Background: You were a Thaumaturge, a level 6 female elven Wizard. You were chaotic, on a mission for Anhur who was opposed by Ptah (lawful) and Thoth (neutral). You were heterosexual. You were in the Gnomish Mines, on level 7. You entered the dungeon 3871 turns ago. You had 582 experience points, 58 more were needed to attain level 7. Basics: You had 0 out of 36 hit points. You had all 70 energy points (spell power). Your armor class was 6. Your wallet contained 278 zorkmids. Autopickup was on, but temporarily disabled while inside the shop. Final Characteristics: Your strength was 9 (limit:18). Your dexterity was 13 (limit:18). Your constitution was 13 (limit:16). Your intelligence was 20 (limit:20). Your wisdom was 14 (limit:20). Your charisma was 9 (limit:18). Final Status: You were hungry. You were unencumbered. You were wielding a spellbook. Final Attributes: You were piously aligned. You were magic-protected. You were sleep resistant. You had infravision. You could jump. You were warded. You were harmed by iron. You are dead. Miscellaneous: You disabled loading of bones levels. Total elapsed playing time was 31 minutes and 29 seconds. Vanquished creatures: a small mimic a dingo a jaguar a bugbear a pony a fog cloud a yellow light 2 gnome leaders 2 gnomish wizards a floating eye 5 dwarves a kobold leader 3 rothes 2 giant bats an iguana 2 hobbits a hobgoblin a yellow mold a green mold 18 gnomes 2 geckos 6 jackals a fox 6 goblins 9 grid bugs 4 bats a lichen 5 kobold zombies 8 newts 89 creatures vanquished. No species were genocided or became extinct. Voluntary challenges: You never hit with a wielded weapon. You read items or engraved 2 times. You never genocided any monsters. You never polymorphed an object. You never changed form. You never touched an artifact. You used no wishes. You never owned a pet. You never scared an enemy with impunity. You were celibate. You never generated conflict. Achievements: You attained the rank of Conjurer. You entered a shop. You entered the Gnomish Mines. You attained the rank of Thaumaturge. You entered Minetown. You entered a temple. The Dungeons of Doom: levels 1 to 5 Level 1: A tree. Level 2: A fountain, a tree. Level 3: A delicatessen, a fountain. Level 4: A fountain, a tree. Stairs down to The Gnomish Mines. Level 5: The Gnomish Mines: levels 5 to 7 Level 5: Level 6: Level 7: <- You were here. Some shops, a temple to Anhur, some fountains. Final resting place for you, killed by a small mimic. Game over: __________ / \ / REST \ / IN \ / PEACE \ / \ | UristMcRaven | | 278 Au | | killed by a | | small mimic | | | | | | 2022 | *| * * * | * _________)/\\_//(\/(/\)/\//\/|_)_______ Goodbye UristMcRaven the Wizard... You died in The Gnomish Mines on dungeon level 7 with 2879 points, and 278 pieces of gold, after 3871 moves. You were level 6 with a maximum of 36 hit points when you died.